 Dungeon Sprint DCSS version 0.21.1-1-g345015f (webtiles) character file.

42 Psiloshibe the Fighter (level 7, -1/99 HPs)
             Began as a Barachi Berserker on June 24, 2018.
             Was a Priest of Trog.
             Slain by a fire bat (13 damage)
             ... in the Dungeon (Sprint VI: "Thunderdome").
             The game lasted 00:02:03 (202 turns).

Psiloshibe the Fighter (Barachi Berserker)           Turns: 202, Time: 00:02:04

Health: -1/99      AC:  9    Str: 31    XL:     7   Next: 1%
Magic:  0/0        EV: 12    Int:  5    God:    Trog [***...]
Gold:   145        SH:  0    Dex: 13    Spells: 6/6 levels left

rFire    x . .     SeeInvis +   a - +0 hand axe
rCold    + + +     Gourm    +   (no shield)
rNeg     . . .     Faith    .   d - +0 chain mail
rPois    +         Spirit   .   (no helmet)
rElec    .         Reflect  .   (no cloak)
rCorr    .         Harm     .   (no gloves)
MR       .....     NoTele   +   (no boots)
Stlth    ..........             n - amulet "Kyqimuz" {Gourm rF- rC++ MP-9 Str+4}
HPRegen  0.26/turn              o - ring of Ygokla {Wiz *Drain +Inv Str+2}
MPRegen  0.07/turn              p - ring "Veitima" {rPois rC++ Int-3 Dex+2 SInv}

@: berserking (expiring), quick
A: +LOS, swims, slowness 1, strong legs 1
a: Hop, Berserk, Trog's Hand, Burn Spellbooks, Renounce Religion, Evoke
Invisibility


You were in the Dungeon.
You worshipped Trog.
Trog was most pleased with you.
You were hungry.

You visited 1 branch You collected 280 gold pieces.
You spent 135 gold pieces at shops.

Inventory:

Hand Weapons
 a - a +0 hand axe (weapon)
Armour
 d - a +0 chain mail (worn)
Jewellery
 n - the amulet "Kyqimuz" (around neck) {Gourm rF- rC++ MP-9 Str+4}
   (You bought it in a shop in the Dungeon)

   [amulet of the gourmand]

   It allows you to eat raw meat even when not hungry.
   It affects your strength (+4).
   It makes you vulnerable to fire.
   It greatly protects you from cold.
   It affects your magic capacity (-9).
 o - the ring of Ygokla (left hand) {Wiz *Drain +Inv Str+2}
   (You bought it in a shop in the Dungeon)

   [ring of wizardry]

   It improves your spell success rate.
   It affects your strength (+2).
   It lets you turn invisible.
   It causes draining when unequipped.
 p - the ring "Veitima" (right hand) {rPois rC++ Int-3 Dex+2 SInv}
   (You bought it in a shop in the Dungeon)

   [ring of poison resistance]

   It affects your intelligence (-3).
   It affects your dexterity (+2).
   It greatly protects you from cold.
   It protects you from poison.
   It lets you see invisible.
Wands
 k - a wand of acid (3)
 l - a wand of iceblast (4)
Scrolls
 i - 4 scrolls of blinking
 m - 3 scrolls of fog
Potions
 e - 3 potions of heal wounds
 f - 3 potions of haste
 g - 2 potions of magic
 h - a potion of berserk rage
 j - a potion of resistance
Comestibles
 c - a ration
 q - 10 chunks of flesh


   Skills:
 + Level 10.0 Fighting
 + Level 9.3 Axes
 * Level 6.2 Throwing
 + Level 5.0 Armour
 + Level 6.1 Dodging
 + Level 0.2 Stealth
 + Level 0.8 Evocations


You had 6 spell levels left.
You didn't know any spells.

Dungeon Overview and Level Annotations

Branches:
Dungeon (1/1)

Altars:
Cheibriados
Dithmenos
Fedhas
Gozag
Kikubaaqudgha
Makhleb
Okawaru
Qazlal
Ru
Sif Muna
Trog
Uskayaw
Vehumet
Wu Jian
Xom
Yredelemnul
Zin
The Shining One
Beogh
Jiyva
Lugonu

Shops:
D *[%??*?*:[((!!!!


Innate Abilities, Weirdness & Mutations

Shadows flee at your approach. (+LOS)
You can swim through water.
You cover ground slowly.
You can hop short distances.


Message History

The fire bat bites you but does no damage.
The fire bat closely misses you.
A fire elemental comes into view.
You feel a strong urge to attack something.
The fire bat bites you.
You are engulfed in flames!
The fire burns you terribly!
* * * LOW HITPOINT WARNING * * *
Things that are here:
a +0 animal skin; a short sword; the human skeleton of Terence You closely miss the fire bat.
You slash the fire bat! The fire bat bites you.
* * * LOW HITPOINT WARNING * * *
You are engulfed in flames!
The fire burns you terribly!
* * * LOW HITPOINT WARNING * * *
The fire bat closely misses you.
You barely miss the fire bat.
The fire bat bites you but does no damage.
The fire bat bites you.
* * * LOW HITPOINT WARNING * * *
You are engulfed in flames!
The fire burns you terribly!
You die...

#_........# #_.§§...._#
#_.(.§..._# ###.....E...###
#⌠...........⌠#
####.8......([.8.######
___......###...(...__∩##
.......8.# #.8.bb.....∩###
.........###....@........##
......###...###..........⌠#
......# #.<.# #..........§#
......###...###..........⌠#
.........###.............##
.......8.# #.8........∩###
___......###......___∩##
####.8.........8.######
#⌠...........⌠#


You could see a fire elemental and 2 fire bats.

Vanquished Creatures
  A fire elemental (D)
  A soldier ant (D)
  A killer bee (D)
  A hound (D)
  Jessica (D)
  Terence (D)
  3 worker ants (D)
  A kobold (D)
10 creatures vanquished.

Notes
Turn   | Place    | Note
-------+----------+-------------------------------------------
     0 | D        | Psiloshibe the Barachi Berserker began the quest for the Orb.
     0 | D        | Reached XP level 1. HP: 18/18 MP: 1/1
     0 | D        | Found a glowing silver altar of Zin.
     0 | D        | Found an ancient bone altar of Kikubaaqudgha.
     3 | D        | Found a stormy altar of Qazlal.
     3 | D        | Found a shadowy altar of Dithmenos.
     3 | D        | Found a roughly hewn altar of Beogh.
     3 | D        | Found an ornate altar of the Wu Jian Council.
     4 | D        | Found a hide-covered altar of Uskayaw.
     4 | D        | Found a bloodstained altar of Trog.
     5 | D        | Found Larimp's Delicious Food.
     5 | D        | Found a basalt altar of Yredelemnul.
     5 | D        | Found Mirreise's Identification Station.
     5 | D        | Round 1.
     6 | D        | Found Zofanwoc's Jewellery.
     6 | D        | Found Ycin's Advanced Armour.
     6 | D        | Found a glowing golden altar of the Shining One.
     6 | D        | Found a deep blue altar of Sif Muna.
     6 | D        | Found a radiant altar of Vehumet.
    12 | D        | Noticed a worker ant
    15 | D        | Bought a glittering bone amulet for 45 gold pieces
    15 | D        | Bought a warped steel ring for 45 gold pieces
    15 | D        | Bought a glittering tin ring for 45 gold pieces
    15 | D        | Identified the amulet "Kyqimuz" {Gourm rF- rC++ MP-9 Str+4} (You bought it in a shop in the Dungeon)
    16 | D        | Identified the ring of Ygokla {Wiz *Drain +Inv Str+2} (You bought it in a shop in the Dungeon)
    17 | D        | Identified the ring "Veitima" {rPois rC++ Int-3 Dex+2 SInv} (You bought it in a shop in the Dungeon)
    24 | D        | Killed a worker ant
    24 | D        | Reached skill level 5 in Fighting
    24 | D        | Reached XP level 2. HP: 27/27 MP: 0/2
    36 | D        | Found Pehom's Magic Scroll Shop.
    37 | D        | Found Puenayc's Magic Scroll Shop.
    37 | D        | Found Obuorama's Must-Have Magic.
    38 | D        | Found Qieryoc's Staff Store.
    44 | D        | Found a corrupted altar of Lugonu.
    45 | D        | Found a snail-covered altar of Cheibriados.
    46 | D        | Found Nirex's Distillery.
    47 | D        | Found Siataywo's Distillery.
    47 | D        | Found Maloynist's Bottled Wisdom.
    48 | D        | Found a sacrificial altar of Ru.
    48 | D        | Found an opulent altar of Gozag.
    48 | D        | Found a blossoming altar of Fedhas.
    48 | D        | Found Ithawn's Do-It-Yourself Clinic.
    55 | D        | Found a viscous altar of Jiyva.
    57 | D        | Found a burning altar of Makhleb.
    57 | D        | Found an iron altar of Okawaru.
    57 | D        | Found a shimmering altar of Xom.
    57 | D        | Found Vaomiwn's Weapon Rack.
    57 | D        | Found Cibly's Premium Goods.
    58 | D        | Found Uczunuos's Basic Armour.
    58 | D        | Found Feten's Miscellaneous Merchandise.
    65 | D        | Noticed a killer bee
    66 | D        | Reached skill level 5 in Axes
    66 | D        | Reached XP level 3. HP: 34/34 MP: 0/3
    70 | D        | Killed a killer bee
    70 | D        | Reached ** piety under Trog
    70 | D        | Reached skill level 6 in Fighting
    70 | D        | Reached XP level 4. HP: 41/41 MP: 0/4
    74 | D        | Noticed a soldier ant
    96 | D        | Killed a soldier ant
    96 | D        | Reached skill level 8 in Fighting
    96 | D        | Reached XP level 5. HP: 23/51 MP: 0/5
    98 | D        | Arena points: 12 (+12) [x2]
    98 | D        | Reached skill level 5 in Throwing
   126 | D        | Round 2.
   127 | D        | Noticed Jessica
   134 | D        | Reached skill level 9 in Fighting
   134 | D        | Reached skill level 5 in Dodging
   134 | D        | Reached XP level 6. HP: 26/58 MP: 0/6
   136 | D        | Killed Jessica
   136 | D        | Reached *** piety under Trog
   160 | D        | Noticed Terence
   175 | D        | Killed Terence
   176 | D        | Arena points: 42 (+30) [x3]
   191 | D        | Round 3.
   193 | D        | Noticed a fire elemental
   194 | D        | Noticed a fire bat
   197 | D        | Noticed a fire bat
   198 | D        | Killed a fire elemental
   198 | D        | Reached skill level 10 in Fighting
   198 | D        | Reached skill level 5 in Armour
   198 | D        | Reached XP level 7. HP: 38/66 MP: 0/7
   200 | D        | Noticed a fire elemental
   202 | D        | Slain by a fire bat

Skill      XL: |  1  2  3  4  5  6 |
---------------+-------------------+-----
Fighting       | 5 6 8 9 10 | 10.0
Axes           | 4 5 6 7 8 9 |  9.3
Throwing       | 2 3 4 5 6 |  6.2
Armour         | 3 4 5 |  5.0
Dodging        | 3 4 5 6 |  6.1
Stealth        | |  0.2
Evocations     | |  0.8

Action                   |  1- 3 |  4- 6 |  7- 9 || total
-------------------------+-------+-------+-------++-------
Melee: Hand axe          |    11 |    31 |     2 ||    44
Invok: Berserk           |     2 |     1 |       ||     3
       Trog's Hand       |       |     1 |       ||     1
Evoke: Wand              |       |     3 |       ||     3
  Use: Potion            |       |     3 |       ||     3
Armor: Animal skin       |       |     2 |       ||     2
       Chain mail        |       |     3 |     2 ||     5
Dodge: Dodged            |     5 |    28 |     2 ||    35
